 Dungeon Crawl Stone Soup version 0.19.4 (webtiles) character file.

210 Kiturien the Shield-Bearer (level 5, -1/37 HPs)
             Began as an Octopode Fighter on Feb 3, 2017.
             Killed by divine providence
             ... invoked by an orc priest
              (14 damage)
             ... on level 3 of the Dungeon.
             The game lasted 00:05:50 (2637 turns).

Kiturien the Shield-Bearer (Octopode Fighter)       Turns: 2637, Time: 00:05:50

Health: -1/37      AC:  1    Str: 16    XL:     5   Next: 87%
Magic:  5/5        EV: 11    Int: 11    God:
Gold:   143        SH:  8    Dex: 11    Spells: 0 memorised, 4 levels left

rFire  + . .     SeeInvis .     a - +0 war axe
rCold  x . .     Gourm    .     b - +0 shield
rNeg   . . .     Faith    .     (helmet restricted)
rPois  .         Spirit   .     (no amulet)
rElec  .         Reflect  .     p - ring of fire
rCorr  .         Harm     .     (no ring)
MR     .....                    (no ring)
Stlth  ++........               (no ring)
                                (no ring)
                                (no ring)
                                (no ring)
                                (no ring)

@: drained
A: almost no armour, stealthy swim, amphibious, 8 rings, constrict 8, camouflage
1, gelatinous body 1
a: no special abilities


You were on level 3 of the Dungeon.
You were very hungry.

You visited 1 branch of the dungeon, and saw 3 of its levels.

You collected 143 gold pieces.

Inventory:

Hand Weapons
 a - a +0 war axe (weapon)
Armour
 b - a +0 shield (worn)
Jewellery
 p - a ring of fire (left tentacle)
 q - an uncursed amulet of harm
 r - an uncursed amulet of faith
Wands
 u - a wand of flame (9/48)
Scrolls
 d - 3 scrolls of identify {unknown}
 e - 2 scrolls of magic mapping {unknown}
 g - 2 scrolls of enchant weapon {unknown}
 j - a scroll of fog {unknown}
 k - a scroll of fear
 l - 2 scrolls of enchant armour {unknown}
 n - a scroll of immolation {unknown}
 o - a scroll of blinking {unknown}
 s - a scroll of teleportation {unknown}
 v - a scroll of remove curse {unknown}
Potions
 c - 2 potions of might
 h - 3 potions of cancellation {unknown}
 i - a potion of magic {unknown}
 m - 2 potions of lignification {unknown}
 t - a potion of brilliance {unknown}
 z - a potion of flight {unknown}
Comestibles
 f - 2 meat rations
 w - a beef jerky
 x - a bread ration


   Skills:
 + Level 3.8(2.7) Fighting
 + Level 4.0(2.9) Axes
 + Level 3.8(2.7) Dodging
 + Level 4.0(2.9) Shields


You had 4 spell levels left.
You didn't know any spells.

Dungeon Overview and Level Annotations

Branches:
Dungeon (3/15)

Altars:
Cheibriados
Dithmenos
Gozag


Innate Abilities, Weirdness & Mutations

You cannot wear most types of armour.
You are very stealthy in the water. (Stealth+)
You are amphibious.
You can wear up to eight rings at the same time.
You can use your tentacles to constrict eight enemies at once.
Your skin changes colour to match your surroundings (Stealth+).
Your rubbery body absorbs attacks. (AC +1, EV +1)


Message History

You slash the kobold!
You kill the kobold!
The hobgoblin barely misses you.
You slash the hobgoblin!
You kill the hobgoblin!
The orc priest mumbles some strange prayers to Beogh against you.
Beogh smites you!
You hit the orc.
You kill the orc!
You block the orc's attack.
The orc priest looks satisfied for a moment.
You hit the orc. You grab the orc. Your squeeze misses the orc.
The orc is heavily wounded.
You constrict the orc. The orc hits you with a dagger.
You hit the orc.
You kill the orc!
Your base Axes skill increases to level 4!
The orc priest invokes the aid of Beogh against you.
Beogh smites you!
You die...

## ... .... .....
......##############
.....oo@...........# #
......############.#####
..... ............+ ####
#######.###.. #..##.#
#####.. #.# #.# ##..


You could see an orc priest and an orc.

Vanquished Creatures
  An orc priest (D:3)
  Natasha (thrice) (D:2)
  A gnoll (D:2)
  2 adders
  An ooze (D:1)
  2 worms
  2 dart slugs (D:1)
  4 leopard geckos
  8 orcs (D:3)
  4 goblins
  10 hobgoblins
  2 quokkas (D:2)
  4 bats
  2 frilled lizards
  6 kobolds
  5 rats
57 creatures vanquished.

Notes
Turn   | Place    | Note
-------+----------+-------------------------------------------
     0 | D:1      | Kiturien the Octopode Fighter began the quest for the Orb.
     0 | D:1      | Reached XP level 1. HP: 16/16 MP: 1/1
   157 | D:1      | Reached XP level 2. HP: 21/21 MP: 2/2
   474 | D:1      | Reached XP level 3. HP: 26/26 MP: 3/3
   887 | D:2      | Found an opulent altar of Gozag.
  1071 | D:2      | Noticed Natasha
  1076 | D:2      | Killed Natasha
  1076 | D:2      | Reached XP level 4. HP: 18/31 MP: 4/4
  1482 | D:2      | Noticed Natasha
  1491 | D:2      | Killed Natasha
  1491 | D:2      | Reached XP level 5. HP: 17/36 MP: 5/5
  1884 | D:2      | Noticed Natasha
  1891 | D:2      | Killed Natasha
  2015 | D:3      | Found a snail-covered altar of Cheibriados.
  2554 | D:3      | Found a shadowy altar of Dithmenos.
  2637 | D:3      | Killed from afar by an orc priest

Skill      XL: |  1  2  3  4  5 |
---------------+----------------+-----
Axes           | 3 4 |  4.0
Shields        | 4 |  4.0
Fighting       | |  3.8
Dodging        | |  3.8

Action                   |  1- 3 |  4- 6 || total
-------------------------+-------+-------++-------
Melee: War axe           |    40 |    69 ||   109
       Constrict         |    11 |    16 ||    27
       Tentacles         |     4 |    11 ||    15
  Use: Scroll            |       |     1 ||     1
 Stab: Sleeping          |     5 |     2 ||     7
  Eat: Bread ration      |       |     1 ||     1
Armor: Skin              |     4 |     3 ||     7
Dodge: Dodged            |    16 |    27 ||    43
Block: Shield            |    18 |    24 ||    42
